 Dungeon Crawl Stone Soup version 0.21-a0-153-g78480df (webtiles) character file.

7 4thArraOfDagon the Grasshopper (level 2, 5/24 HPs)
             Began as a Gnoll Warper on July 31, 2017.
             Quit the game on level 1 of the Dungeon.
             The game lasted 00:00:57 (457 turns).

4thArraOfDagon the Grasshopper (Gnoll Warper)        Turns: 457, Time: 00:00:58

Health: 5/24       AC:  6    Str:  7    XL:     2   Next: 4%
Magic:  6/6        EV:  7    Int:  7    God:
Gold:   0          SH:  0    Dex:  7    Spells: 7/7 levels left

rFire    . . .     SeeInvis .   a - +0 spear
rCold    . . .     Gourm    .   (no shield)
rNeg     . . .     Faith    .   j - +0 scale mail
rPois    .         Spirit   .   (no helmet)
rElec    .         Reflect  .   (no cloak)
rCorr    .         Harm     .   (no gloves)
MR       .....                  (no boots)
Stlth    ..........             (no amulet)
HPRegen  0.08/turn              g - ring of loudness (curse)
MPRegen  0.10/turn              (no ring)

@: lethally poisoned (5 -> -7)
A: unchanging attributes, fangs 1, strong nose
a: no special abilities


You were on level 1 of the Dungeon.
You were not hungry.

You visited 1 branch of the dungeon, and saw 2 of its levels.

Inventory:

Hand Weapons
 a - a +0 spear (weapon)
Armour
 b - a +0 leather armour
 j - a +0 scale mail (worn)
Jewellery
 g - a cursed ring of loudness (left hand)
Scrolls
 d - a scroll of blinking
 h - 2 scrolls of fear {unknown}
 k - a scroll of magic mapping {unknown}
Books
 c - a book of Spatial Translocations

   Spells                             Type                      Level
   a - Blink                          Translocation                2
   b - Shroud of Golubria             Charms/Translocation         2
   c - Lesser Beckoning               Translocation                3
   d - Gell's Gravitas                Translocation                3
   e - Teleport Other                 Translocation                3
   f - Passage of Golubria            Translocation                4
Comestibles
 f - a bread ration


   Skills:
 + Level 3.1 Fighting
 * Level 3.0 Polearms
 - Level 1.3 Throwing
 + Level 1.5 Armour
 + Level 3.0 Dodging
 - Level 3.0 Spellcasting
   Level 4.0 Translocations


You had 7 spell levels left.
You didn't know any spells.

Dungeon Overview and Level Annotations

Branches:
Dungeon (2/15)

Altars:


Innate Abilities, Weirdness & Mutations

Your physical attributes are unchanging.
You have very sharp teeth.
Your uncanny sense of smell can sniff out nearby items.


Message History

The adder poisons you!
Your scale mail prevents you from hitting the adder.
You feel sick. The adder bites you.
You closely miss the adder.
You feel sick. The adder bites you but does no damage.
You are too injured to fight recklessly!
You are too injured to fight recklessly!
You miss the adder.
You feel sick. The adder bites you but does no damage.
You hit the adder.
The adder is moderately wounded.
The adder bites you.
You are more poisoned.
The adder poisons you!
You closely miss the adder.
The adder is moderately wounded.
* * * LOW HITPOINT WARNING * * *
You feel sick. The adder bites you but does no damage. The adder bites you.
* * * LOW HITPOINT WARNING * * *
Unknown command.
Are you sure you want to abandon this character and quit the game? (Confirm with "yes".)

#...# #####...##### ###'###
#...........# #####.....#
#####.###...###.# #...#.....###
#.............#.## #.8.'..⌠..'.#
#.###..###..#....# #...#.....#.#
#...........#.....
#####.....#.###.###..###..##...#
###'###..(..# #..# #..###)##
#...######@###..# #..# #.# #.<.#
#..S....###..###.# #...#
#..###...........# #####
.......†#####..##### ####..##.
#..# #..... ....# #.###. .....#
#. ## ####.## #. #.#


You could see an adder.

Vanquished Creatures
  A leopard gecko (D:1)
  A giant cockroach (D:1)
  A goblin (D:1)
  A hobgoblin (D:1)
  A kobold (D:1)
  A rat (D:1)
6 creatures vanquished.

Notes
Turn   | Place    | Note
-------+----------+-------------------------------------------
     0 | D:1      | 4thArraOfDagon the Gnoll Warper began the quest for the Orb.
     0 | D:1      | Reached XP level 1. HP: 17/17 MP: 4/4
   437 | D:1      | Reached XP level 2. HP: 24/24 MP: 6/6
   457 | D:1      | Quit the game

Vault maps used:
D:1:      minmay_arrival_stair_chambers, minivault_24
D:2:      grunt_gozag_statues, uniq_terence

Skill      XL: |  1  2 |
---------------+-------+-----
Fighting       | 3 |  3.1
Polearms       | 3 |  3.0
Dodging        | 3 |  3.0
Throwing       | |  1.3
Armour         | |  1.5
Spellcasting   | |  3.0
Translocations | |  4.0

Action                   || total
-------------------------++-------
Melee: Spear             ||    41
Throw: Tomahawk          ||     5
  Use: Potion            ||     1
Armor: Scale mail        ||    18
       Leather armour    ||     2
Dodge: Dodged            ||    11
